cohdb
Replays
Latest Replays
All Replays
Popular Replays
Top Player Replays
Match Explorer
How It Works
Community
CoH3 Stats
Reddit
Sign in to upload your games and track your stats! →
Sign in with Steam
Match 43132607
Unlisted
Match 43132607
Overview
Messages
Build Orders
End
Construct Section Command Post
Infantry Section
Dingo Light Scout Car
Infantry Section
Infantry Section
Construct Platoon Command Post
Selects Australian Defense Battlegroup
Selects Australian Light Infantry Section
Selects 2-pounder Anti-tank Gun Team
2-pounder Anti-tank Gun Team
Infantry Training
Unlock Bishop Self-propelled Artillery
Bishop Self-propelled Artillery
Vickers Machine Gun Team
6-pounder Anti-tank Gun Team
CMP 15cwt Truck
Noobsalive...
matrix4x4
实践
Heavy Weapons Guy
KuruKuru
GhostLegion
和谐战争@
Taka_nL
0
0
Comments
sign in to comment!
No comments posted yet!